 Dungeon Crawl Stone Soup version 0.32-a0-422-g28b100f (webtiles) character file.

Game seed: 7613079418522327844

5338 Nithhogg the Cleaver (level 10, -1/86 HPs)
             Began as a Mountain Dwarf Fighter on Feb 21, 2024.
             Was a High Priest of Okawaru.
             Slain by a hornet (6 damage)
             ... on level 9 of the Dungeon.
             The game lasted 00:12:58 (8528 turns).

Nithhogg the Cleaver (Mountain Dwarf Fighter)       Turns: 8528, Time: 00:12:58

Health: -1/86      AC: 10    Str: 23    XL:     10   Next: 38%
Magic:  10/10      EV: 11    Int:  9    God:    Okawaru [*****.]
Gold:   403        SH:  0    Dex:  9    Spells: 9/9 levels left

rFire   . . .        E - +0 battleaxe
rCold   . . .        (shield currently unavailable)
rNeg    . . .        b - +0 scale mail
rPois   .            (no helmet)
rElec   .            v - +1 cloak
rCorr   .            (no gloves)
SInv    .            (no boots)
Will    ++...        (no amulet) Stlth
                     f - +4 ring of slaying
HPRegen 0.34/turn    o - +4 ring of slaying
MPRegen 0.12/turn

%: no passive effects
@: lethally poisoned (-1 -> -9), enlightened, flying, slowed, very slow
A: runic magic, artefact enchanting
a: Renounce Religion, Heroism, Finesse, Duel


You were on level 9 of the Dungeon.
You worshipped Okawaru.
Okawaru was extremely pleased with you.
You visited 2 branches of the dungeon, and saw 10 of its levels.

You collected 403 gold pieces.

Inventory:

Hand Weapons
 a - a +0 war axe
 k - a +0 whip of freezing
 E - a +0 battleaxe (weapon)
Missiles
 d - 2 throwing nets
 F - 3 javelins (quivered)
Armour
 b - a +0 scale mail (worn)
 c - a +0 buckler
 l - the +4 skin of Zhor {*Englaciate rC+++ SInv}
   (You found it on level 8 of the Dungeon)

   *Englaciate: It radiates cold, occasionally slowing all nearby creatures who
   are not resistant to cold.
   rC+++:     It renders you almost immune to cold.
   SInv:      It lets you see invisible.
 r - the +2 leather armour "Qeqyiciyj" {-Tele rElec rC+++ Dex+2}
   (You found it on level 3 of the Dungeon)

   Dex+2:     It affects your dexterity (+2).
   rC+++:     It renders you almost immune to cold.
   rElec:     It insulates you from electricity.
   -Tele:     It prevents most forms of teleportation.
 v - a +1 cloak (worn)
Jewellery
 e - a ring of poison resistance
 f - a +4 ring of slaying (left hand)
 o - a +4 ring of slaying (right hand)
 y - a +5 ring of evasion
 B - a ring of see invisible
 D - an amulet of reflection
Wands
 u - a wand of iceblast (6)
 x - a wand of charming (6)
Scrolls
 g - 2 scrolls of silence
 i - 3 scrolls of fog
 j - 2 scrolls of enchant armour
 m - a scroll of vulnerability
 n - 4 scrolls of identify
 q - 4 scrolls of teleportation
 t - a scroll of brand weapon {unknown}
 G - a scroll of immolation {unknown}
 H - a scroll of torment
 J - a scroll of blinking {unknown}
Potions
 h - a potion of enlightenment
 p - a potion of invisibility {unknown}
 s - a potion of heal wounds {unknown}
 w - 2 potions of degeneration {unknown}
 z - a potion of ambrosia {unknown}
 A - 3 potions of brilliance {unknown}
 C - a potion of attraction {unknown}
 I - a potion of haste {unknown}
 K - a potion of lignification {unknown}


   Skills:
 - Level 7.4 Fighting
 + Level 13.7 Axes
 - Level 7.4 Armour
 - Level 4.4 Dodging
 - Level 3.2 Shields


You had 9 spell levels left.
You didn't know any spells.
Your spell library contained the following spells:

 Spells                   Type           Power      Damage    Failure   Level
 Sting                    Conj/Alch      0%         1d3       45%         1
 Ensorcelled Hibernation  Hex/Ice        0%         N/A       58%         2
 Mercury Vapours          Alch/Air       0%         N/A       58%         2
 Passwall                 Erth           0%         N/A       83%         3
 Swiftness                Air            0%         N/A       83%         3
 Olgreb's Toxic Radiance  Alch           0%         N/A       99%         4
 Ozocubu's Refrigeration  Ice            0%         4d7       100%        7
 Polar Vortex             Ice            0%         N/A       100%        9
 Sculpt Simulacrum        Ice/Alch       Unusable   N/A       N/A         6

Dungeon Overview and Level Annotations

Branches:
Dungeon (9/15)             Temple (1/1) D:4            Lair (0/5) D:8
    Orc: D:9-12

Altars:
Ashenzari
Cheibriados
Dithmenos
Elyvilon
Fedhas
Gozag
Hepliaklqana
Kikubaaqudgha
Makhleb
Nemelex Xobeh
Okawaru
Qazlal
Ru
Sif Muna
Trog
Uskayaw
Vehumet
Wu Jian
Xom
Yredelemnul
Zin
The Shining One

Shops:
D:3 *   D:6 (:

Annotations:
D:5 3 runed translucent doors, Ozzieoiler's ghost, amateur DsSh; Tanach's ghost, novice OpBe


Innate Abilities, Weirdness & Mutations

Your spellcasting is much less encumbered by armour.
You can use scrolls of enchantment on lesser artefacts.


Message History

You feel yourself speed up.
The hornet stings you but does no damage.
The hornet stings you.
You are poisoned.
You feel yourself slow down.
The hornet stings you but does no damage.
You barely miss the hornet.
The hornet is almost dead.
You feel yourself speed up.
You feel very sick. The hornet stings you!
You feel yourself slow down. The hornet closely misses you.
You hit the hornet.
The hornet is almost dead.
You feel yourself speed up.
You feel sick. The hornet barely misses you. The hornet stings you!
* * * LOW HITPOINT WARNING * * *
You feel yourself slow down.
You closely miss the hornet.
The hornet is almost dead.
You feel yourself speed up.
You feel sick. The hornet stings you.
* * * LOW HITPOINT WARNING * * *
You feel yourself slow down. The hornet closely misses you.
You closely miss the hornet.
The hornet is almost dead.
You feel sick.
The hornet stings you but does no damage.
The hornet stings you!
* * * LOW HITPOINT WARNING * * *
You are lethally poisoned!
You feel as though you will be slow longer.
The hornet closely misses you.
It was a potion of enlightenment.
You feel very buoyant.
You fly up into the air.
* * * LOW HITPOINT WARNING * * *
You feel very sick. The hornet stings you.
You die...

.# #..##..# #..# ..# .#
#..##..# #..# ...# .#
#..##..###..##...# .#
#................#
.######.........<.......
................!..#....
.........#..####...# .#
.######..#..# #...# .#
#..#..# #@..# .# #..#..#
#y..# .# #..#..# #...#
.# #..#..# #...# .#
#..#..# #...# #...#
#...# ...[#


You could see a hornet.

Vanquished Creatures
  A two-headed ogre (D:8)
  Pikel (D:5)
  4 rime drakes (D:8)
  A hornet (D:8)
  A wyvern (D:7)
  Menkaure (D:5)
  An orc warrior (D:6)
  A black bear (D:6)
  An ogre (D:5)
  7 centaurs
  3 lemures (D:5)
  3 phantoms
  Blork the orc (D:5)
  2 bullfrogs
  5 scorpions (D:5)
  4 wights
  6 killer bees (D:8)
  A howler monkey (D:7)
  2 hounds
  A gnoll bouda (D:8)
  2 orc priests (D:8)
  Ijyb (D:4)
  4 iguanas
  2 sleepcaps
  3 orc wizards
  6 gnolls
  13 adders
  2 white imps (D:5)
  A ribbon worm (D:3)
  A dart slug (D:2)
  13 orcs
  8 ball pythons
  16 bats
  7 endoplasms
  A giant cockroach (D:1)
  5 goblins
  5 hobgoblins
  2 jackals (D:1)
  9 kobolds
  3 quokkas
  4 frilled lizards
  6 rats
161 creatures vanquished.

Notes
Turn   | Place    | Note
-------+----------+-------------------------------------------
     0 | D:1      | Nithhogg the Mountain Dwarf Fighter began the quest for the
                  | Orb.
     0 | D:1      | Reached XP level 1. HP: 19/19 MP: 1/1
    81 | D:1      | Reached XP level 2. HP: 24/26 MP: 2/2
   200 | D:1      | Reached skill level 3 in Axes
   200 | D:1      | Reached XP level 3. HP: 32/33 MP: 3/3
   402 | D:1      | Found a faded altar of an unknown god.
   641 | D:2      | Reached skill level 1 in Dodging
   798 | D:2      | Found a radiant altar of Vehumet.
   818 | D:2      | Reached XP level 4. HP: 32/40 MP: 4/4
  1479 | D:3      | Reached XP level 5. HP: 46/46 MP: 5/5
  1833 | D:3      | Found a hide-covered altar of Uskayaw.
  1842 | D:3      | Identified the +2 leather armour "Qeqyiciyj" {-Tele rElec
                  | rC+++ Dex+2}
  1852 | D:3      | Found Bisu's Assorted Antiques.
  1889 | D:3      | Found a broken altar of Ashenzari.
  1951 | D:3      | Reached skill level 4 in Axes
  2625 | D:4      | Noticed Ijyb
  2631 | D:4      | Killed Ijyb
  2785 | D:4      | Noticed a phantom
  2800 | D:4      | Killed a phantom
  2801 | D:4      | Reached XP level 6. HP: 52/53 MP: 6/6
  3014 | D:4      | Found a staircase to the Ecumenical Temple.
  3086 | Temple   | Entered the Ecumenical Temple
  3091 | Temple   | Became a worshipper of Warmaster Okawaru
  3342 | D:5      | Entered Level 5 of the Dungeon
  3353 | D:5      | Reached skill level 5 in Fighting
  3353 | D:5      | Reached skill level 5 in Armour
  3432 | D:5      | Reached skill level 5 in Axes
  3432 | D:5      | Reached XP level 7. HP: 48/61 MP: 7/7
  3437 | D:5      | Noticed Menkaure
  3727 | D:5      | Reached * piety under Okawaru
  3789 | D:5      | Noticed Blork the orc
  3793 | D:5      | Killed Blork the orc
  3799 | D:5      | Found an ornate altar of the Wu Jian Council.
  3854 | D:5      | Found a runed translucent gate.
  3854 | D:5      | Found a runed translucent gate.
  3855 | D:5      | Found a runed translucent gate.
  3857 | D:5      | Noticed Tanach's ghost (novice OpBe)
  3857 | D:5      | Noticed Ozzieoiler's ghost (amateur DsSh)
  3934 | D:5      | Killed Menkaure
  4100 | D:5      | Reached skill level 6 in Axes
  4100 | D:5      | Reached XP level 8. HP: 67/70 MP: 8/8
  4204 | D:5      | Noticed Pikel
  4439 | D:6      | Reached ** piety under Okawaru
  4569 | D:6      | Found Vogeodgh's Weapon Shoppe.
  4755 | D:6      | Reached skill level 7 in Axes
  4858 | D:6      | Found Roak's Book Shop.
  5098 | D:6      | Reached *** piety under Okawaru
  5107 | D:7      | Reached XP level 9. HP: 65/79 MP: 9/9
  5189 | D:7      | Found a blossoming altar of Fedhas.
  5776 | D:7      | Reached skill level 8 in Axes
  6205 | D:5      | Killed Pikel
  6206 | D:5      | Reached skill level 9 in Axes
  6702 | D:8      | Noticed a rime drake
  6706 | D:8      | Noticed a rime drake
  6709 | D:8      | Found the +4 skin of Zhor {*Englaciate rC+++ SInv}
  6720 | D:8      | Noticed a rime drake
  6722 | D:8      | Noticed a rime drake
  6733 | D:8      | Found a white marble altar of Elyvilon.
  6782 | D:8      | Noticed a two-headed ogre
  6790 | D:8      | Killed a two-headed ogre
  6790 | D:8      | Reached **** piety under Okawaru
  6791 | D:8      | Reached skill level 11 in Axes
  7137 | D:8      | HP: 2/79 [gnoll/+0 halberd[a gnoll bouda] (11)]
  7389 | D:8      | Reached skill level 12 in Axes
  7389 | D:8      | Reached XP level 10. HP: 67/86 MP: 10/10
  7557 | D:8      | Found a staircase to the Lair.
  7644 | D:8      | HP: 3/86 [rime drake/icy flash freeze (23)]
  7647 | D:8      | Reached ***** piety under Okawaru
  7655 | D:8      | Reached skill level 13 in Axes
  8519 | D:9      | Paralysed by a hornet for 2 turns
  8528 | D:9      | Slain by a hornet

Illustrated notes

Levels and vault maps discovered:
D:1:      dpeg_arrival_court, layout_basic,
          hellmonk_ecumenical_altar_inner_sanctum, due_unseen_surprise
D:2:      layout_loops_cross, basic_altar
D:3:      layout_loops_corners, ashenzari_conservatory_becter,
          eat_drink_and_be_merry_uskayaw, serial_shops,
          nicolae_shop_temple_entry_statues_fountains, grunt_ministairs_5,
          minmay_puff
D:4:      layout_loops_cross, temple_statues, chequers_serial_rivers_large_b,
          kennysheep_small_spiral, minmay_misc_feat_secret_circle, uniq_ijyb
D:5:      old_forge, layout_basic, nzn_wu_jian_council_hall,
          gammafunk_ghost_cemetery, nrook_loot_triangle, amethyst_killhole,
          uniq_menkaure, uniq_blork_the_orc, uniq_pikel
D:6:      layout_rooms, serial_shops, kennysheep_mini_moat, shop, serial_glass,
          glass_columns_a, glass_columns_a
D:7:      layout_loops_ring, mainiacjoe_overflow_alcove_1,
          kb_lookout_dungeons_type
D:8:      layout_rooms, nicolae_overflow_hidden_temple, dpeg_oklobed_lair,
          hellmonk_guarded_unrand_zhor
D:9:      lemuel_flame_loot_2, layout_long_grid
Temple:   sentei_temple_godly_chess

Skill      XL: |  1  2  3  4  5  6  7  8  9 10 |
---------------+-------------------------------+-----
Axes           | 3 4 5 6 7 12 13 | 13.7
Dodging        | 1 2 3 4 |  4.4
Fighting       | 4 5 6 7 |  7.4
Armour         | 4 5 6 7 |  7.4
Shields        | |  3.2

Action                     |  1- 3 |  4- 6 |  7- 9 | 10-12 || total
---------------------------+-------+-------+-------+-------++-------
  Melee: War axe           |    89 |   143 |   123 |       ||   355
         Battleaxe         |       |       |   102 |    38 ||   140
  Throw: Javelin           |       |       |     8 |       ||     8
    Use: Scroll            |       |     1 |    10 |       ||    11
         Potion            |       |       |     2 |     5 ||     7
 Armour: Scale mail        |    69 |    95 |   161 |    77 ||   402
  Dodge: Dodged            |    63 |    94 |   179 |    45 ||   381
  Block: Buckler           |    17 |    29 |    19 |       ||    65

Table legend: (Time is in decaauts)
 A = Elapsed time spent in this place.
 B = Non-inter-level travel time spent in this place.
 C = Inter-level travel time spent in this place.
 D = Time resting spent in this place.
 E = Time spent auto-exploring this place.
 F = Levels seen in this place.
 G = Mean time per level.
                   A        B        C        D        E       F      G
               +--------+--------+--------+--------+--------+-----+--------+
         Total |   8716 |   8312 |    404 |   1340 |   5685 |  10 |  871.6 |
       Dungeon |   8706 |   8303 |    403 |   1340 |   5685 |   9 |  967.3 |
        Temple |      9 |      9 |      0 |      0 |      0 |   1 |    9.0 |
               +--------+--------+--------+--------+--------+-----+--------+

Top non-repeatable levels by time:
     D:5: 1711 daAuts
     D:8: 1410 daAuts
     D:7: 1312 daAuts
     D:3: 1196 daAuts
     D:4: 900 daAuts
     D:6: 716 daAuts
     D:2: 688 daAuts
     D:1: 652 daAuts
     D:9: 117 daAuts
  Temple: 9 daAuts
